 Dungeon Crawl Stone Soup version 0.30-a0-54-g2e61a25929 (webtiles) character file.

Game seed: 14636839869737973256

51667 kae the Arsonist (level 14, -10/88 HPs)
             Began as a Deep Elf Fire Elementalist on Sept 8, 2022.
             Was a High Priest of Ru.
             Mangled by a boulder beetle simulacrum (51 damage)
             ... on level 11 of the Dungeon.
             The game lasted 00:33:45 (25240 turns).

kae the Arsonist (Deep Elf Fire Elementalist)      Turns: 25240, Time: 00:33:46

Health: -10/88     AC: 14    Str:  5    XL:     14   Next: 24%
Magic:  25/30      EV: 18    Int: 26    God:    Ru [*****.]
Gold:   2071       SH:  5    Dex: 15    Spells: 13/33 levels left

rFire   + . .      SeeInvis .    f - staff of earth {!a}
rCold   x . .      Faith    .    (no shield)
rNeg    . . .      Spirit   .    a - +0 robe
rPois   .          Reflect  +    v - +2 helmet
rElec   .          Harm     .    (no cloak)
rCorr   .          Rampage  +    (no gloves)
Will    +....                    l - +4 pair of boots "Kuecuaci" {Rampage}
Stlth   +++.......               c - amulet of reflection
HPRegen 0.24/turn                F - ring of fire
MPRegen 0.22/turn                O - +4 ring of protection

@: unable to read
A: no potion heal 1, inability to read after injury 2, inability to use devices,
hated by all
a: Renounce Religion, Draw Out Power, Power Leap, Apocalypse


You were on level 11 of the Dungeon.
You worshipped Ru.
Ru was extremely pleased with you.
You visited 3 branches of the dungeon, and saw 17 of its levels.
You also visited: Bailey.

You collected 2071 gold pieces.


Innate Abilities, Weirdness & Mutations

Potions are less effective at restoring your health.
You sometimes lose the ability to read scrolls when taking damage.
You cannot study or use magical devices.
You are hated by all.


   Skills:
 - Level 10.0 Fighting
 - Level 12.0 Dodging
 - Level 6.0 Stealth
 - Level 10.0 Spellcasting
 + Level 13.7 Conjurations
 - Level 5.0 Hexes
 + Level 14.0 Fire Magic
 + Level 4.2 Ice Magic


You had 13 spell levels left.
You knew the following spells:

 Your Spells              Type           Power      Damage    Failure   Level
a - Foxfire               Conj/Fire      100%       2x1d9     0%          1
b - Scorch                Fire           100%       2d10      1%          2
c - Conjure Flame         Conj/Fire      91%        6-21      1%          3
d - Inner Flame           Hex/Fire       76%        N/A       1%          3
e - Flame Wave            Conj/Fire      91%        2d19      1%          4
f - Stone Arrow           Conj/Erth      100%       3d13      1%          3
g - Ice Form              Ice/Tmut       24%        N/A       19%         4

Your spell library contained the following spells:

 Spells                   Type           Power      Damage    Failure   Level
 Frozen Ramparts          Ice            70%        1d11      2%          3
 Portal Projectile        Hex/Tloc       52%        N/A       4%          3
 Blade Hands              Tmut           6%         N/A       77%         5
 Lehudib's Crystal Spear  Conj/Erth      32%        10d8      100%        8
 Tukima's Dance           Hex            Unusable   N/A       N/A         3
 Summon Ice Beast         Ice/Summ       Unusable   N/A       N/A         4
 Animate Armour           Summ/Erth      Unusable   N/A       N/A         4
 Animate Dead             Necr           Unusable   N/A       N/A         4
 Summon Cactus Giant      Summ           Unusable   N/A       N/A         6
 Haunt                    Necr/Summ      Unusable   N/A       N/A         7
 Infestation              Necr           Unusable   N/A       N/A         8

Inventory:

Hand Weapons
 L - a +1 triple sword of freezing {rare}
   (You found it in a bailey)
 M - a +5 trident
   (You took it off a wight on level 9 of the Dungeon)
Missiles
 d - 113 stones
 j - 3 javelins
 q - 2 throwing nets {=f!f}
 u - 8 curare-tipped darts {=f}
 y - 15 boomerangs
 Q - 4 poisoned darts
Armour
 a - a +0 robe (worn)
 l - the +4 pair of boots "Kuecuaci" (worn) {Rampage}
   (You found it on level 3 of the Dungeon)

   Rampage:   It bestows one free step when moving towards enemies.
 v - a +2 helmet (worn)
   (You found it on level 7 of the Dungeon)
 H - an orb of light
   (You found it on level 9 of the Dungeon)
Magical Staves
 f - a staff of earth (weapon) {!a}
   (You found it on level 3 of the Dungeon)
 o - a staff of cold {!a}
   (You found it on level 5 of the Dungeon)
Jewellery
 c - an amulet of reflection (around neck)
   (You found it on level 1 of the Dungeon)
 e - a +4 ring of evasion
   (You found it on level 3 of the Lair of Beasts)
 w - a ring of magical power
   (You found it on level 7 of the Dungeon)
 C - a ring of ice
   (You found it on level 7 of the Dungeon)
 E - a +4 ring of evasion
   (You found it on level 2 of the Lair of Beasts)
 F - a ring of fire (left hand)
   (You found it on level 1 of the Dungeon)
 G - an amulet of guardian spirit
   (You found it on level 6 of the Dungeon)
 N - a ring of positive energy
   (You found it on level 10 of the Dungeon)
 O - a +4 ring of protection (right hand)
   (You found it on level 9 of the Dungeon)
 P - a ring of poison resistance
   (You found it on level 1 of the Lair of Beasts)
 S - a +6 ring of strength
   (You found it on level 3 of the Lair of Beasts)
 W - a ring of magical power
   (You found it on level 2 of the Dungeon)
Scrolls
 n - 5 scrolls of teleportation {@r4}
 D - 2 scrolls of enchant weapon
 R - 2 scrolls of vulnerability {!r!r}
 U - a scroll of blinking {!r}
 X - 2 scrolls of enchant armour
 Z - a scroll of torment {!r}
Potions
 b - 3 potions of magic
 g - a potion of lignification {!q}
 h - 7 potions of curing {@q1}
 i - 3 potions of brilliance
 k - 2 potions of might
 m - a potion of attraction {!q}
 r - a potion of ambrosia
 s - a potion of resistance
 x - a potion of invisibility
 z - 3 potions of flight
 A - 2 potions of cancellation
 B - 2 potions of heal wounds {@q2}
 I - 2 potions of mutation {!q}
 K - a potion of berserk rage {!q}
 Y - a potion of haste {@q3}

Dungeon Overview and Level Annotations

Branches:
Dungeon (11/15) Zot: 26146  Temple (1/1) D:7 Zot: 5816    Lair (5/5) D:8 Zot: 19934
  Swamp (0/4) Lair:3        Snake (0/4) Lair:2        Slime (0/5) Lair:5
 Bailey (visited)
    Orc: D:9-12

Altars:
Ashenzari
Cheibriados
Dithmenos
Elyvilon
Gozag
Kikubaaqudgha
Makhleb
Nemelex Xobeh
Okawaru
Qazlal
Ru
Sif Muna
Trog
Uskayaw
Vehumet
Wu Jian
Xom
Zin
The Shining One

Shops:
D:1 ((   D:4 (   D:5 (   D:8 [   D:10 [

Annotations:
D:3 Grinder
D:6 4 runed translucent doors, Maggie

#...........#
#...........#
............#
......÷....[#
.......<....#
......÷.....###
.................
......8..≈≈≈≈≈~≈≈
.......@≈≈≈≈≈~≈≈≈
.......≈Z≈...####
......≈≈≈...##
......≈≈...##
......≈≈..z#
......≈≈.##.
[.....≈~## .#
.....[~≈# #


You could see a flying skull (wandering) and a boulder beetle simulacrum.


Message History

Confirm with . or Enter, or press ? or * to list all spells.
You feel a surge of power!
You conjure some foxfire!
The foxfire hits the warg. 😎 MP[-1]
You lost 1 mp, and now have 21/30 mp.
Casting: Foxfire (safe; 0% risk of failure)
Confirm with . or Enter, or press ? or * to list all spells.
You feel a surge of power!
You conjure some foxfire!
The foxfire hits the warg but does no damage.
Casting: Foxfire (safe; 0% risk of failure)
Confirm with . or Enter, or press ? or * to list all spells.
You feel a surge of power!
You conjure some foxfire!
The foxfire hits the warg.
The warg is engulfed in a cloud of scalding steam. 😎 MP[-1]
You lost 1 mp, and now have 20/30 mp.
Casting: Foxfire (safe; 0% risk of failure)
Confirm with . or Enter, or press ? or * to list all spells.
You feel a surge of power!
You conjure some foxfire!
The foxfire hits the warg!
The foxfire hits the warg.
You start resting. 😎 MP[+5]
You regained 5 mp, and now have 25/30 mp.
Casting: Foxfire (safe; 0% risk of failure)
Confirm with . or Enter, or press ? or * to list all spells.
You feel a surge of power!
You conjure some foxfire! 😎 MP[-1]
You lost 1 mp, and now have 24/30 mp.
Casting: Foxfire (safe; 0% risk of failure)
Confirm with . or Enter, or press ? or * to list all spells.
You feel a surge of power!
You conjure some foxfire!
You start resting. 😎 MP[+1]
You start resting. 😎 MP[+5]
Your mp is fully restored (30).
What are your orders? t - Shout!
Orders for allies: a - Attack new target. r - Retreat! s - Stop attacking. g - Guard the area. f - Follow me.
Anything else - Cancel.
You shout for attention!
You hear a howl!
You start waiting.
A warg is nearby!
Casting: Foxfire (safe; 0% risk of failure)
Confirm with . or Enter, or press ? or * to list all spells.
You feel a surge of power!
You conjure some foxfire!
The warg howls!
You hear a hideous shriek!
The foxfire hits the warg but does no damage.
The foxfire hits the warg. 😎 MP[-1]
You lost 1 mp, and now have 29/30 mp.
Casting: Foxfire (safe; 0% risk of failure)
Confirm with . or Enter, or press ? or * to list all spells.
You feel a surge of power!
You conjure some foxfire!
The foxfire hits the warg but does no damage.
The foxfire hits the warg but does no damage.
Casting: Foxfire (safe; 0% risk of failure)
Confirm with . or Enter, or press ? or * to list all spells.
You feel a surge of power!
You conjure some foxfire!
The warg bites you but does no damage.
The foxfire hits the warg.
The foxfire hits the warg but does no damage.
The warg is engulfed in a cloud of scalding steam.
You kill the warg! 😎 MP[-1]
You lost 1 mp, and now have 28/30 mp.
Casting: Foxfire (safe; 0% risk of failure)
Confirm with . or Enter, or press ? or * to list all spells.
You feel a surge of power!
You conjure some foxfire!
The foxfire hits the boulder beetle simulacrum but does no damage. x2 😎 MP[-1]
You lost 1 mp, and now have 27/30 mp.
Casting: Foxfire (safe; 0% risk of failure)
Confirm with . or Enter, or press ? or * to list all spells.
You feel a surge of power!
You conjure some foxfire!
The boulder beetle simulacrum is engulfed in a cloud of scalding steam.
The foxfire hits the boulder beetle simulacrum but does no damage. x2
The boulder beetle simulacrum is engulfed in a cloud of scalding steam.
The boulder beetle simulacrum bites you.
The boulder beetle simulacrum freezes you!!!
You feel a terrible chill! 😮 HP[-40]
You take 40 damage, and now have 48/88 hp.
MASSIVE DAMAGE!! (PAUSE)
Casting: Foxfire (safe; 0% risk of failure)
Confirm with . or Enter, or press ? or * to list all spells.
You feel a surge of power!
Flames lash the boulder beetle simulacrum but do no damage.
You hear a hideous shriek! x2
The boulder beetle simulacrum is engulfed in a cloud of scalding steam.
The boulder beetle simulacrum misses you.
A flying skull comes into view.
The boulder beetle simulacrum is engulfed in a cloud of scalding steam.
The boulder beetle simulacrum bites you!
You feel threatened and lose the ability to read scrolls!
* * * LOW HITPOINT WARNING * * *
The boulder beetle simulacrum freezes you!!!
You feel a terrible chill!
Ouch! That really hurt!
You die...

Skill      XL: |  1  2  3  4  5  6  7  8  9 10 11 12 13 14 |
---------------+-------------------------------------------+-----
Conjurations   | 2 3 4 5 6 8 10 11 13 | 13.7
Fire Magic     | 4 5 6 7 9 10 11 13 14 | 14.0
Spellcasting   | 4 5 6 7 8 10 | 10.0
Fighting       | 3 7 10 | 10.0
Dodging        | 5 10 12 | 12.0
Stealth        | 6 |  6.0
Hexes          | 1 5 |  5.0
Ice Magic      | 2 4 |  4.2

Action                   |  1- 3 |  4- 6 |  7- 9 | 10-12 | 13-15 || total
-------------------------+-------+-------+-------+-------+-------++-------
Melee: Whip              |     1 |     1 |    10 |     4 |       ||    16
       Staff             |       |       |       |    12 |    32 ||    44
       Unarmed           |       |       |       |       |    18 ||    18
 Cast: Foxfire           |    83 |    69 |    88 |   259 |    84 ||   583
       Scorch            |     1 |    18 |    59 |   158 |    63 ||   299
       Conjure Flame     |       |     2 |     7 |    16 |       ||    25
       Flame Wave        |       |       |     8 |    38 |    38 ||    84
       Inner Flame       |       |       |     1 |     4 |     5 ||    10
       Stone Arrow       |       |       |       |     8 |       ||     8
       Ice Form          |       |       |       |       |     1 ||     1
Invok: Sacrifice Words   |       |       |       |     1 |       ||     1
       Sacrifice Love    |       |       |       |     1 |       ||     1
       Sacrifice Purity  |       |       |       |     1 |       ||     1
       Draw Out Power    |       |       |       |       |     2 ||     2
       Sacrifice Artific |       |       |       |       |     1 ||     1
  Use: Scroll            |     4 |     6 |     4 |    13 |     2 ||    29
       Potion            |       |       |       |       |     1 ||     1
 Stab: Distracted        |       |       |       |       |     2 ||     2
Armor: Robe              |     3 |     3 |    15 |    82 |    90 ||   193
       Skin              |       |       |       |       |    18 ||    18
Dodge: Dodged            |    13 |     9 |    44 |   196 |   212 ||   474
Block: Other             |     3 |     4 |    15 |    77 |    70 ||   169
       Reflection        |       |     1 |       |     7 |       ||     8

Levels and vault maps discovered:
D:1:      erik_arrival_cave_to_civilisation [erik_arrival_cave_to_hall],
          layout_basic, serial_shops, nicolae_shop_stone,
          nicolae_shop_bloodbath_and_beyond,
          shapermc_ecumenical_altar_notcrosses, moated_statue
D:2:      layout_basic, st_stairs_6
D:3:      layout_basic, nicolae_uskayaw_dance_hall, hex_tiny,
          minmay_misc_feat_square, lexackson_kobold_supper, uniq_grinder
D:4:      layout_basic, serial_shops, shop, minmay_cut_off
D:5:      layout_rooms, serial_shops, nicolae_shop_trees
D:6:      layout_basic, amcnicky_altar_gilded, mainiacjoe_overflow_alcove_1,
          minmay_hollow_rounded_squares, uniq_duvessa, uniq_maggie, uniq_sigmund
D:7:      layout_basic, minmay_temple_entry_glassed_door
D:8:      layout_basic, lair_entry_dummy, serial_shops, shop,
          minmay_misc_feat_pillars
D:9:      layout_roguey [special_room_orc], vehumet_crystals,
          nicolae_overflow_hidden_temple, enter_bailey_5, grunt_ministairs_1
D:10:     layout_rooms, serial_shops, nicolae_shop_waterfront,
          ebering_ghost_reflecting_pool
D:11:     lemuel_vampire_tower, layout_irregular_city, gammafunk_ghost_spectres
Temple:   minmay_temple_bridge_d
Lair:1:   layout_cave_pods, grunt_megastairs_5
Lair:2:   layout_chaotic_city, minmay_snake_entry_guardpost_small,
          grunt_megastairs_4
Lair:3:   layout_regular_city, palyth_hydra_swamp_entry, uniq_sonja
Lair:4:   layout_cave_pods, kennysheep_abandoned_house
Lair:5:   evilmike_catoblepas_cave, layout_hall_layers, slime_entry_1

Notes
Turn   | Place    | Note
-------+----------+-------------------------------------------
     0 | D:1      | kae the Deep Elf Fire Elementalist began the quest for the
                  | Orb.
     0 | D:1      | Reached XP level 1. HP: 10/10 MP: 6/6
     0 | D:1      | magus.rc [v1.11.3]
   267 | D:1      | Reached XP level 2. HP: 15/15 MP: 6/8
   295 | D:1      | Learned a level 2 spell: Scorch
   318 | D:1      | Found Hann's Weapon Shoppe.
   351 | D:1      | Found Riubluph's Weapon Shop.
   615 | D:1      | Found a faded altar of an unknown god.
   672 | D:1      | Reached skill level 2 in Conjurations
   916 | D:2      | Reached XP level 3. HP: 19/19 MP: 5/9
  1209 | D:2      | Reached skill level 4 in Fire Magic
  1947 | D:3      | Found a hide-covered altar of Uskayaw.
  1962 | D:3      | Reached XP level 4. HP: 24/24 MP: 11/11
  1980 | D:3      | Learned a level 3 spell: Conjure Flame
  2049 | D:3      | Reached skill level 3 in Conjurations
  2258 | D:3      | Reached skill level 4 in Spellcasting
  2266 | D:3      | Identified the +4 pair of boots "Kuecuaci" {Rampage}
  2571 | D:3      | Noticed Grinder
  3118 | D:3      | Learned a level 3 spell: Inner Flame
  3137 | D:4      | Reached XP level 5. HP: 28/28 MP: 13/13
  3375 | D:4      | Noticed a black bear
  3815 | D:4      | Found Lusm's Antique Weapon Shoppe.
  4110 | D:4      | Killed a black bear
  4111 | D:4      | Reached skill level 4 in Conjurations
  4111 | D:4      | Reached skill level 5 in Fire Magic
  4365 | D:5      | Entered Level 5 of the Dungeon
  4365 | D:5      | Noticed an ice beast
  4365 | D:5      | Found Osep's Antique Weapon Emporium.
  4371 | D:4      | Reached XP level 6. HP: 20/32 MP: 14/14
  4587 | D:5      | Killed an ice beast
  4690 | D:5      | Reached skill level 5 in Spellcasting
  4690 | D:5      | Reached skill level 5 in Conjurations
  4690 | D:5      | Reached skill level 6 in Fire Magic
  4761 | D:5      | Reached XP level 7. HP: 36/36 MP: 16/16
  5125 | D:5      | Learned a level 4 spell: Flame Wave
  5196 | D:6      | Reached skill level 6 in Conjurations
  5211 | D:6      | Reached skill level 7 in Fire Magic
  5337 | D:6      | Found an iron altar of Okawaru.
  5338 | D:6      | Identified a +2 robe of the Archmagi
  5338 | D:6      | Noticed Sigmund
  5349 | D:6      | Killed Sigmund
  5350 | D:6      | Reached skill level 6 in Spellcasting
  5350 | D:6      | Reached XP level 8. HP: 41/41 MP: 19/19
  5564 | D:6      | Found a large runed translucent door.
  5564 | D:6      | Found a large runed translucent door.
  5568 | D:6      | Reached skill level 7 in Conjurations
  5589 | D:6      | Noticed a cyclops
  5591 | D:6      | Noticed Maggie
  5597 | D:6      | Found a large runed translucent door.
  5597 | D:6      | Found a large runed translucent door.
  5680 | D:6      | Found a glowing golden altar of the Shining One.
  5983 | D:6      | Reached skill level 8 in Fire Magic
  6061 | D:6      | Noticed a two-headed ogre
  6079 | D:6      | Killed a two-headed ogre
  6080 | D:6      | Reached skill level 7 in Spellcasting
  6080 | D:6      | Reached skill level 8 in Conjurations
  6080 | D:6      | Reached skill level 9 in Fire Magic
  6080 | D:6      | Reached XP level 9. HP: 40/45 MP: 13/22
  6275 | D:6      | Noticed Dowan
  6275 | D:6      | Noticed Duvessa
  6300 | D:6      | Killed Duvessa
  6300 | D:6      | HP: 3/45 [Dowan/shard of ice (30)]
  6303 | D:6      | Killed Dowan
  6657 | D:6      | Noticed a kobold demonologist
  6666 | D:6      | Killed a kobold demonologist
  6667 | D:6      | Reached skill level 8 in Spellcasting
  6667 | D:6      | Reached skill level 9 in Conjurations
  7193 | D:7      | Found a staircase to the Ecumenical Temple.
  7205 | Temple   | Entered the Ecumenical Temple
  7319 | Temple   | Became a worshipper of Ru the Awakened
  7644 | D:7      | Reached skill level 10 in Fire Magic
  8253 | D:8      | Reached skill level 10 in Conjurations
  8388 | D:8      | HP: 7/45 [orc warrior/+0 battleaxe (21)]
  8390 | D:8      | Reached XP level 10. HP: 8/50 MP: 22/24
  8872 | D:8      | Found Tecomm's Armour Shop.
  8992 | D:8      | Reached skill level 9 in Spellcasting
  9404 | D:8      | Found a staircase to the Lair.
  9629 | D:9      | Gained mutation: You occasionally lose the ability to read
                  | scrolls when taking damage. [Ru sacrifice]
  9629 | D:9      | Gained mutation: You sometimes lose the ability to read
                  | scrolls when taking damage. [Ru sacrifice]
  9629 | D:9      | Reached * piety under Ru
  9713 | D:9      | Found a flagged portal.
  9725 | D:9      | Reached skill level 11 in Fire Magic
  9778 | Bailey   | Entered a bailey
 10442 | Bailey   | Identified a +0 crystal plate armour
 10459 | Bailey   | Reached skill level 1 in Fighting
 10459 | Bailey   | Reached skill level 11 in Conjurations
 10579 | Bailey   | a +0 halberd; a +0 crystal plate armour {rare}
 10625 | Bailey   | a +0 halberd; a +0 crystal plate armour {rare}
 10649 | Bailey   | Reached skill level 3 in Dodging
 10818 | Bailey   | You pick up a book of Armaments and begin reading...
 10818 | Bailey   | You add the spells Stone Arrow, Animate Armour and
                  | Lehudib's Crystal Spear to your library.
 10819 | Bailey   | Noticed an orc knight
 10843 | Bailey   | a +0 halberd; a +0 crystal plate armour {rare}
 10873 | Bailey   | Killed an orc knight
 10873 | Bailey   | HP: 7/52 [orc warrior/+0 trident (13)]
 10874 | Bailey   | Reached skill level 2 in Fighting
 10874 | Bailey   | Reached skill level 10 in Spellcasting
 10875 | Bailey   | Reached skill level 4 in Dodging
 11172 | Bailey   | a +0 halberd; a +0 crystal plate armour {rare}
 11206 | Bailey   | L - a +1 triple sword of freezing {rare}
 11211 | Bailey   | Acquired 910 gold pieces
 11285 | D:9      | Reached skill level 3 in Fighting
 11291 | D:9      | Reached skill level 5 in Dodging
 11569 | D:9      | Found a radiant altar of Vehumet.
 12195 | D:9      | Found a shadowy altar of Dithmenos.
 12195 | D:9      | Noticed a cyclops
 12202 | D:9      | HP: 5/56 [cyclops (24)]
 12203 | D:9      | Killed a cyclops
 12204 | D:9      | Reached XP level 11. HP: 5/60 MP: 19/27
 12529 | D:9      | HP: 11/54 [wight/+5 trident (8)]
 12531 | D:9      | Reached skill level 6 in Dodging
 12532 | D:9      | Reached skill level 4 in Fighting
 12851 | D:10     | Entered Level 10 of the Dungeon
 12866 | D:10     | Noticed a two-headed ogre
 12874 | D:10     | Killed a two-headed ogre
 13249 | D:10     | Found Goineal's Armour Emporium.
 13361 | D:10     | Reached skill level 7 in Dodging
 13862 | D:10     | Found a runed translucent door.
 13909 | D:10     | Noticed p0werm0de's ghost (journeyman MeCK)
 13925 | D:10     | Killed p0werm0de's ghost
 13926 | D:10     | Reached skill level 5 in Fighting
 13957 | D:10     | You pick up a book of Scorching and begin reading...
 14210 | Lair:1   | Entered Level 1 of the Lair of Beasts
 14218 | Lair:1   | Learned a level 3 spell: Stone Arrow
 14273 | Lair:1   | Reached skill level 8 in Dodging
 14653 | Lair:1   | Reached skill level 6 in Fighting
 14695 | Lair:1   | Reached skill level 9 in Dodging
 14709 | Lair:1   | Gained mutation: You are hated by all. [Ru sacrifice]
 14709 | Lair:1   | Reached ** piety under Ru
 14709 | Lair:1   | Reached *** piety under Ru
 15176 | Lair:1   | Noticed a six-headed hydra
 15205 | Lair:1   | Killed a six-headed hydra
 15473 | Lair:1   | Reached skill level 10 in Dodging
 15774 | Lair:2   | Noticed a boulder beetle
 15796 | Lair:1   | Killed a boulder beetle
 15797 | Lair:1   | Reached skill level 7 in Fighting
 15992 | Lair:2   | Reached XP level 12. HP: 39/72 MP: 28/28
 16621 | Lair:2   | Found a staircase to the Snake Pit.
 16835 | Lair:2   | Reached skill level 11 in Dodging
 16874 | Lair:2   | Reached skill level 8 in Fighting
 17010 | Lair:2   | magus.rc [v1.11.3]
 17474 | Lair:2   | You pick up a book of Weapons and begin reading...
 17474 | Lair:2   | You add the spells Portal Projectile and Blade Hands to
                  | your library.
 17962 | Lair:3   | Gained mutation: Potions are less effective at restoring
                  | your health. [Ru sacrifice]
 17995 | Lair:3   | You pick up a book of Death and begin reading...
 18049 | Lair:3   | Noticed a five-headed hydra
 18056 | Lair:3   | Reached skill level 3 in Stealth
 18058 | Lair:3   | Killed a five-headed hydra
 18059 | Lair:3   | Reached skill level 12 in Dodging
 18059 | Lair:3   | Reached skill level 4 in Stealth
 18111 | Lair:3   | Noticed a six-headed hydra
 18220 | Lair:3   | Killed a six-headed hydra
 18408 | Lair:3   | Found a staircase to the Swamp.
 18765 | Lair:3   | Noticed Sonja
 18772 | Lair:3   | Noticed an eight-headed hydra
 18799 | Lair:3   | Killed an eight-headed hydra
 18800 | Lair:3   | Reached skill level 5 in Stealth
 18903 | Lair:3   | Killed Sonja
 19455 | Lair:4   | Reached skill level 9 in Fighting
 19455 | Lair:4   | Reached skill level 6 in Stealth
 20176 | Lair:4   | Noticed a seven-headed hydra
 20184 | Lair:4   | Killed a seven-headed hydra
 20185 | Lair:4   | Reached skill level 10 in Fighting
 20185 | Lair:4   | Reached skill level 1 in Hexes
 20185 | Lair:4   | Reached XP level 13. HP: 82/82 MP: 19/29
 20273 | Lair:4   | Reached skill level 2 in Hexes
 20329 | Lair:4   | Reached skill level 3 in Hexes
 20677 | Lair:4   | You fall into a shaft and drop 1 floor!
 20677 | Lair:5   | Entered Level 5 of the Lair of Beasts
 20684 | Lair:5   | Reached skill level 4 in Hexes
 20686 | Lair:5   | Reached skill level 5 in Hexes
 21117 | Lair:4   | Gained mutation: You cannot study or use magical devices.
                  | [Ru sacrifice]
 21117 | Lair:4   | Reached **** piety under Ru
 21117 | Lair:4   | Reached ***** piety under Ru
 21428 | Lair:5   | Reached skill level 12 in Fire Magic
 21440 | Lair:4   | Reached skill level 12 in Conjurations
 21945 | Lair:5   | Reached skill level 13 in Fire Magic
 21945 | Lair:5   | HP: 18/82 [cloud of flame (10)]
 22554 | Lair:5   | Found a staircase to the Slime Pits.
 22597 | Lair:5   | You pick up a book of Rime and begin reading...
 22597 | Lair:5   | You add the spells Frozen Ramparts and Ice Form to your
                  | library.
 22675 | Lair:5   | Reached skill level 13 in Conjurations
 23143 | Lair:5   | Reached skill level 1 in Ice Magic
 23148 | Lair:5   | Reached skill level 2 in Ice Magic
 23150 | Lair:5   | Reached XP level 14. HP: 45/88 MP: 9/30
 23159 | Lair:5   | Reached skill level 3 in Ice Magic
 23432 | Lair:5   | HP: 15/88 [catoblepas (13)]
 24539 | D:10     | Learned a level 4 spell: Ice Form
 24570 | D:10     | HP: 25/105 [warg (10)]
 24978 | D:11     | Reached skill level 4 in Ice Magic
 25023 | D:11     | Reached skill level 14 in Fire Magic
 25240 | D:11     | Mangled by a boulder beetle simulacrum

Vanquished Creatures
  The ghost of p0werm0de the Fighter, a journeyman MeCK of Xom (D:10)
  6 hydras
  A boulder beetle (Lair:1)
  3 catoblepae (Lair:5)
  2 two-headed ogres
  11 death yaks
  Sonja (Lair:3)
  An orc knight (Bailey)
  A cyclops (D:9)
  2 manticores (Lair:5)
  13 elephants
  5 black mambas
  A centaur zombie (D:11)
  A centaur skeleton (D:11)
  A gargoyle (D:10)
  10 cane toads
  6 rime drakes
  4 komodo dragons
  A kobold demonologist (D:6)
  A polar bear (Lair:5)
  2 trolls
  A tyrant leech (Lair:3)
  A hornet (D:10)
  5 dream sheep
  15 blink frogs
  4 flying skulls (D:11)
  A shadow (D:10)
  Sigmund (D:6)
  3 wyverns
  2 wraiths
  25 yaks
  A vampire mosquito (D:11)
  5 basilisks
  A steam dragon (D:8)
  4 swamp worms (Lair:3)
  4 wargs
  4 nagas (Lair:2)
  Duvessa (D:6)
  14 water moccasins
  A hell hound (D:10)
  16 orc warriors
  3 ice beasts
  A black mamba simulacrum (D:11)
  6 sky beasts
  10 wolves
  A black bear (D:4)
  6 ogres
  A centaur (D:6)
  A phantom (D:6)
  A kobold brigand (D:10)
  14 bullfrogs
  2 scorpions
  21 wights
  Dowan (D:6)
  5 howler monkeys
  6 hounds
  A jelly (D:7)
  6 orc priests
  4 orc wizards
  3 iguanas
  2 hell rats
  3 gnolls (D:6)
  7 adders
  8 river rats (Lair:4)
  A shadow imp (D:7)
  3 white imps
  2 ufetubi (D:5)
  A worm (D:3)
  A dart slug (D:4)
  70 orcs
  8 ball pythons
  5 bats
  10 endoplasms
  A giant cockroach (D:2)
  13 goblins
  6 hobgoblins
  7 jackals
  15 kobolds
  5 quokkas
  5 frilled lizards
  13 rats
  A bush (Lair:4)
463 creatures vanquished.

Vanquished Creatures (collateral kills)
  7 foxfires
7 creatures vanquished.

Vanquished Creatures (others)
  A hydra (Lair:3)
  2 elephants
  3 cane toads
  A centaur skeleton (D:11)
  A dream sheep (Lair:5)
  A warg (D:11)
  A wolf (Lair:2)
  1008 foxfires
  33 fungi
  47 plants
1098 creatures vanquished.

Grand Total: 1568 creatures vanquished

Table legend:
 A = Non-vault XP
 B = Vault XP
 C = Vault XP percentage of total XP
 D = Non-vault monster count
 E = Vault monster count
 F = Vault count percentage of total count
                 A         B        C        D         E       F
            +---------+---------+-------+---------+---------+-------
      Total |   47138 |   26672 |  36.1 |     304 |     168 |  35.6
            +---------+---------+-------+---------+---------+-------
        D:1 |      24 |       2 |   7.7 |      15 |       1 |   6.2
        D:2 |      45 |       5 |  10.0 |      21 |       3 |  12.5
        D:3 |     108 |      11 |   9.2 |      29 |       8 |  21.6
        D:4 |     105 |     121 |  53.5 |      12 |       2 |  14.3
        D:5 |     651 |       0 |   0.0 |      11 |       0 |   0.0
        D:6 |     672 |    2190 |  76.5 |      16 |      17 |  51.5
        D:7 |    1055 |       0 |   0.0 |      15 |       0 |   0.0
        D:8 |    1244 |       0 |   0.0 |      24 |       0 |   0.0
        D:9 |    2447 |    1337 |  35.3 |      27 |      34 |  55.7
       D:10 |    2441 |    1423 |  36.8 |      16 |       4 |  20.0
       D:11 |       0 |    3477 | 100.0 |       0 |      16 | 100.0
     Lair:1 |    5908 |     588 |   9.1 |      19 |       5 |  20.8
     Lair:2 |    5669 |    1209 |  17.6 |      27 |       6 |  18.2
     Lair:3 |    1835 |    2932 |  61.5 |       6 |       9 |  60.0
     Lair:4 |   12584 |     403 |   3.1 |      31 |      15 |  32.6
     Lair:5 |   12350 |   11131 |  47.4 |      35 |      23 |  39.7
     Bailey |       0 |    1843 | 100.0 |       0 |      25 | 100.0
            +---------+---------+-------+---------+---------+-------

Illustrated notes

Table legend:
 A = Kills in this place as a percentage of kills in entire the game.
 B = Kills by you in this place as a percentage of kills by you in the entire game.
 C = Kills by friends in this place as a percentage of kills by friends in the entire game.
 D = Other kills in this place as a percentage of other kills in the entire game.
 E = Experience gained in this place as a percentage of experience gained in the entire game.
 F = Experience gained in this place divided by the number of levels of this place that you have seen.
                   A       B       C       D       E      F
               +-------+-------+-------+-------+-------+----------------------
         Total | 100.0 | 100.0 |   N/A | 100.0 | 100.0 | 4100.6
       Dungeon |  57.4 |  58.2 |   N/A |  20.0 |  23.5 | 1578.0
          Lair |  37.3 |  36.4 |   N/A |  80.0 |  74.0 | 10921.8
        Bailey |   5.3 |   5.4 |   N/A |   0.0 |   2.5 | 1843.0
               +-------+-------+-------+-------+-------+----------------------

Table legend: (Time is in decaauts)
 A = Elapsed time spent in this place.
 B = Non-inter-level travel time spent in this place.
 C = Inter-level travel time spent in this place.
 D = Time resting spent in this place.
 E = Time spent auto-exploring this place.
 F = Levels seen in this place.
 G = Mean time per level.
                   A        B        C        D        E       F      G
               +--------+--------+--------+--------+--------+-----+--------+
         Total |  25384 |  24359 |   1025 |   3514 |  17270 |  18 | 1410.2 |
       Dungeon |  13587 |  12911 |    676 |   1503 |   9462 |  11 | 1235.2 |
        Temple |    183 |     90 |     93 |      0 |     60 |   1 |  183.0 |
          Lair |  10065 |   9811 |    254 |   1883 |   6618 |   5 | 2013.0 |
        Bailey |   1547 |   1547 |      0 |    128 |   1128 |   1 | 1547.0 |
               +--------+--------+--------+--------+--------+-----+--------+

Top non-repeatable levels by time:
  Lair:5: 2706 daAuts
     D:9: 2090 daAuts
  Lair:4: 2031 daAuts
  Lair:2: 1862 daAuts
  Lair:1: 1791 daAuts
     D:6: 1692 daAuts
  Lair:3: 1673 daAuts
  Bailey: 1547 daAuts
    D:10: 1496 daAuts
     D:7: 1488 daAuts
     D:3: 1447 daAuts
     D:4: 1380 daAuts
     D:8: 1292 daAuts
     D:2: 1009 daAuts
     D:1: 723 daAuts
